 Dungeon Crawl Stone Soup version 0.31-a0-963-ga325b2283a (webtiles) character file.

Game seed: 11153849083744697918

1815 IdlyInterested the Cutter (level 8, 0/60 HPs)
             Began as a Demonspawn Gladiator on Oct 25, 2023.
             Slain by a two-headed ogre
             ... wielding a +0 giant club
              (19 damage)
             ... on level 6 of the Dungeon.
             The game lasted 00:24:59 (6496 turns).

IdlyInterested the Cutter (Demonspawn Gladiator)    Turns: 6496, Time: 00:25:00

Health: 0/60       AC: 17    Str: 17    XL:     8   Next: 85%
Magic:  12/13      EV: 12    Int:  9    God:
Gold:   338        SH:  0    Dex: 15    Spells: 12/14 levels left

rFire   . . .        K - +1 dagger (protect)
rCold   . . .        (no shield)
rNeg    . . .        u - +0 steam dragon scales
rPois   .            b - +0 helmet
rElec   .            A - scarf {repulsion}
rCorr   .            r - +0 pair of gloves
SInv    .            (no boots)
Will    .....        q - amulet of regeneration
Stlth   +++          (no ring)
HPRegen 0.00/turn    (no ring)
MPRegen 0.13/turn

%: repel missiles
@: under a protective aura, inhibited regen
A: icy blue scales 2, demonic magic 1, weakness stinger 1, inhibited
regeneration
a: no special abilities


You were on level 6 of the Dungeon.
You visited 2 branches of the dungeon, and saw 7 of its levels.

You collected 338 gold pieces.

Inventory:

Hand Weapons
 f - a +0 dagger
 i - a +1 short sword
 F - a +0 rapier
 K - a +1 dagger of protection (weapon)
Missiles
 c - 2 throwing nets
 g - 10 poisoned darts
 j - 40 stones
 v - 4 boomerangs
 y - a javelin
Armour
 b - a +0 helmet (worn)
 o - the +0 robe "Wydi" {Str+2 Dex+5}
   (You found it on level 4 of the Dungeon)

   Str+2:     It affects your strength (+2).
   Dex+5:     It affects your dexterity (+5).
 r - a +0 pair of gloves (worn)
 u - +0 steam dragon scales (worn)
 A - a scarf of repulsion (worn)
Jewellery
 q - an amulet of regeneration (around neck)
 J - a ring of ice
Talismans
 z - a serpent talisman
Wands
 m - a wand of roots (4)
 t - a wand of paralysis (6)
 C - a wand of quicksilver (12)
Scrolls
 e - a scroll of silence
 l - a scroll of teleportation
 n - 2 scrolls of poison
 s - a scroll of enchant weapon
 H - 2 scrolls of blinking
Potions
 h - 3 potions of enlightenment
 p - a potion of attraction
 D - a potion of cancellation {unknown}
 E - a potion of heal wounds
 G - a potion of lignification {unknown}


   Skills:
 - Level 4.0 Fighting
 * Level 7.1 Short Blades
 - Level 1.7 Throwing
 - Level 2.0 Armour
 - Level 2.6 Dodging
 - Level 4.0 Stealth
 - Level 2.0 Shields
 - Level 2.6 Unarmed Combat
 + Level 3.6 Spellcasting
 - Level 1.0 Conjurations
 - Level 1.0 Fire Magic
 - Level 1.0 Evocations
 - Level 1.0 Shapeshifting


You had 12 spell levels left.
You knew the following spells:

 Your Spells              Type           Power      Damage    Failure   Level
a - Foxfire               Conj/Fire      12%        2x1d4     19%         1
b - Apportation           Tloc           2%         N/A       28%         1

Your spell library contained the following spells:

 Spells                   Type           Power      Damage    Failure   Level
 Jinxbite                 Hex            2%         N/A       41%         2
 Stone Arrow              Conj/Erth      4%         3d7       56%         3
 Ozocubu's Armour         Ice            1%         N/A       65%         3
 Animate Armour           Summ/Erth      2%         N/A       96%         4
 Alistair's Intoxication  Tmut/Pois      0%         N/A       100%        5
 Ozocubu's Refrigeration  Ice            0%         4d7       100%        7
 Lehudib's Crystal Spear  Conj/Erth      1%         10d2      100%        8


Dungeon Overview and Level Annotations

Branches:
Dungeon (6/15)             Temple (1/1) D:6

Altars:
Cheibriados
Dithmenos
Fedhas
Gozag
Kikubaaqudgha
Qazlal
Ru
Sif Muna
Uskayaw
Vehumet
Wu Jian
Xom
Yredelemnul


Innate Abilities, Weirdness & Mutations

You are mostly covered in icy blue scales. (AC +3)
Spells you cast may paralyse adjacent enemies.
You have a small tail.
You do not regenerate when monsters are visible.


Message History

You barely miss the water moccasin.
Your tail-slap misses the water moccasin.
The water moccasin is lightly wounded.
The foxfire hits the water moccasin.
The water moccasin is moderately wounded.
The water moccasin bites you but does no damage.
Casting: Foxfire (safe; 19% risk of failure)
Press: ? - help, Q - select action, (/) - cycle Dir - look around, f - activate You conjure some foxfire!
Malevolent energies surge around you.
The water moccasin suddenly stops moving!
The helpless water moccasin fails to defend itself.
You perforate the water moccasin like a sieve!!!
Your weapon exudes an aura of protection.
You kill the water moccasin!
Your Short Blades skill increases to level 7!
Unknown command.
You start memorising the spell.
You continue memorising.
Your foxfire dissipates! x2
You finish memorising.
Spell assigned to 'b'.
Magic restored.
A two-headed ogre comes into view. It is wielding two +0 giant clubs.
The helpless two-headed ogre fails to defend itself.
You stick the two-headed ogre like a pincushion!!!
Your weapon exudes an aura of protection.
The two-headed ogre is severely wounded.
The two-headed ogre hits you with a +0 giant club! x2
Unknown command.
You closely miss the two-headed ogre.
The two-headed ogre is severely wounded.
You hit the two-headed ogre but do no damage.
The two-headed ogre is severely wounded.
The two-headed ogre completely misses you.
The two-headed ogre hits you with a +0 giant club!
You closely miss the two-headed ogre.
The two-headed ogre is severely wounded.
Casting: Foxfire (safe; 19% risk of failure)
Press: ? - help, Q - select action, (/) - cycle Dir - look around, f - activate You conjure some foxfire!
Malevolent energies surge around you.
The two-headed ogre hits you with a +0 giant club!!
You die...

#.#.#......###.##
#.#.#......#..[..
#####.#.#......#<.[)[
...#.#.....>.....)..
####.#................
#........##.#....#.#..
#.##.#.#....#.##.#.#.#
#.##v#.#.#...........#
#...v@...#.#.#[#.##...
#.##O......#.#.#....#.
###.#............#.
.$..##.#.>.#.#...
###.. #...#.#.##
.#....#.......
#.##.#.##†#..
..........)#.. #.
.#.#.##....#


You could see a two-headed ogre (ally target).

Vanquished Creatures
  Menkaure (D:4)
  A steam dragon (D:6)
  A water moccasin (D:6)
  2 black bears (D:5)
  An ogre (D:5)
  2 centaurs (D:5)
  Blork the orc (D:6)
  A scorpion (D:5)
  5 hounds
  Crazy Yiuf (D:3)
  A jelly (D:5)
  2 gnoll boudas
  2 sleepcaps
  2 iguanas (D:5)
  Natasha (thrice) (D:3)
  8 orc wizards
  13 gnolls
  6 adders
  2 worms (D:5)
  5 dart slugs
  15 orcs
  7 endoplasms
  3 giant cockroaches
  8 goblins
  9 hobgoblins
  A quokka (D:1)
  6 ball pythons
  9 bats
  4 frilled lizards
  7 kobolds
  3 rats
132 creatures vanquished.

Vanquished Creatures (others)
  2 orc wizards (D:3)
  87 foxfires
89 creatures vanquished.

Grand Total: 221 creatures vanquished

Notes
Turn   | Place    | Note
-------+----------+-------------------------------------------
     0 | D:1      | IdlyInterested the Demonspawn Gladiator began the quest for
                  | the Orb.
     0 | D:1      | Reached XP level 1. HP: 16/16 MP: 1/1
   263 | D:1      | Reached skill level 1 in Armour
   281 | D:1      | Gained mutation: You have a small tail. [demonic ancestry]
   281 | D:1      | Reached XP level 2. HP: 22/22 MP: 2/2
   460 | D:1      | Reached skill level 1 in Stealth
   585 | D:1      | Gained mutation: You are partially covered in icy blue
                  | scales. (AC +2) [demonic ancestry]
   585 | D:1      | Reached XP level 3. HP: 26/28 MP: 3/3
   935 | D:2      | Reached skill level 1 in Shields
  1543 | D:2      | Reached skill level 1 in Evocations
  1884 | D:3      | Identified the "Wiett"
  1913 | D:3      | Reached skill level 1 in Shapeshifting
  1913 | D:3      | Reached XP level 4. HP: 29/35 MP: 4/4
  2049 | D:3      | Found a shimmering blue altar of Sif Muna.
  2109 | D:3      | Found a basalt altar of Yredelemnul.
  2338 | D:3      | Found a runed translucent door.
  2339 | D:3      | Noticed Crazy Yiuf
  2480 | D:3      | Gained mutation: Spells you cast may paralyse adjacent
                  | enemies. [demonic ancestry]
  2480 | D:3      | Reached XP level 5. HP: 42/42 MP: 5/5
  2660 | D:3      | Noticed Natasha
  2675 | D:3      | Killed Natasha
  2746 | D:3      | Found a radiant altar of Vehumet.
  2746 | D:3      | Found an opulent altar of Gozag.
  2924 | D:3      | Noticed Natasha
  2933 | D:3      | Killed Natasha
  3086 | D:3      | Noticed Natasha
  3107 | D:3      | Killed Natasha
  3261 | D:3      | Killed Crazy Yiuf
  3262 | D:3      | Reached skill level 1 in Short Blades
  3433 | D:3      | Gained mutation: You are mostly covered in icy blue scales.
                  | (AC +3) [demonic ancestry]
  3433 | D:3      | Reached XP level 6. HP: 28/48 MP: 6/6
  3626 | D:4      | Reached skill level 2 in Short Blades
  3967 | D:4      | Noticed Menkaure
  3981 | D:4      | Killed Menkaure
  3982 | D:4      | Reached skill level 3 in Short Blades
  4072 | D:4      | Gained mutation: Your magical capacity is low. (-10% MP)
                  | [potion of mutation]
  4072 | D:4      | Gained mutation: You occasionally shout uncontrollably at
                  | your foes. [potion of mutation]
  4073 | D:4      | Lost mutation: Your magical capacity is low. (-10% MP)
                  | [potion of mutation]
  4073 | D:4      | Lost mutation: You occasionally shout uncontrollably at
                  | your foes. [potion of mutation]
  4073 | D:4      | Gained mutation: You do not regenerate when monsters are
                  | visible. [potion of mutation]
  4186 | D:4      | Identified the +0 robe "Wydi" {Str+2 Dex+5}
  4211 | D:4      | Found an ancient bone altar of Kikubaaqudgha.
  4331 | D:4      | Reached XP level 7. HP: 24/54 MP: 7/7
  4693 | D:5      | Entered Level 5 of the Dungeon
  5001 | D:4      | Learned a level 1 spell: Foxfire
  5053 | D:5      | Reached skill level 4 in Short Blades
  5054 | D:5      | Reached skill level 1 in Conjurations
  5062 | D:5      | Reached skill level 1 in Fire Magic
  5127 | D:5      | Reached skill level 5 in Short Blades
  5129 | D:5      | Reached XP level 8. HP: 43/60 MP: 3/8
  5335 | D:5      | Reached skill level 6 in Short Blades
  5335 | D:5      | Reached skill level 1 in Spellcasting
  6200 | D:6      | Found a staircase to the Ecumenical Temple.
  6211 | Temple   | Entered the Ecumenical Temple
  6217 | D:6      | Noticed Blork the orc
  6227 | D:6      | Killed Blork the orc
  6431 | D:6      | Reached skill level 7 in Short Blades
  6433 | D:6      | Learned a level 1 spell: Apportation
  6486 | D:6      | Noticed a two-headed ogre
  6496 | D:6      | Slain by a two-headed ogre

Illustrated notes

Levels and vault maps discovered:
D:1:      giann_horns, layout_basic, st_stairs_5
D:2:      layout_basic
D:3:      kennysheep_six_static_rooms, layout_loops_ring,
          nicolae_overflow_crystal_walls, gammafunk_temple_overflow_claw,
          led_sif_book, kennysheep_generic_room_3, uniq_natasha,
          uniq_crazy_yiuf_cottage
D:4:      layout_basic, kiku_gazebo_garden_becter, uniq_menkaure
D:5:      minmay_spotlight, layout_basic, minmay_a_box_with_orc_wizards_in_it
D:6:      lemuel_castle_with_subvaults [lemuel_castle_interior_carwin_2],
          layout_basic, ashenzari_conservatory_becter,
          minmay_temple_entry_ruins, uniq_blork_the_orc
Temple:   hellmonk_temple_beads

Skill      XL: |  1  2  3  4  5  6  7  8 |
---------------+-------------------------+-----
Armour         | 1 2 |  2.0
Stealth        | 1 2 3 4 |  4.0
Shields        | 1 2 |  2.0
Evocations     | 1 |  1.0
Fighting       | 3 4 |  4.0
Shapeshifting  | 1 |  1.0
Short Blades   | 1 3 5 7 |  7.1
Conjurations   | 1 |  1.0
Fire Magic     | 1 |  1.0
Spellcasting   | 3 |  3.6
Throwing       | |  1.7
Dodging        | |  2.6
Unarmed Combat | |  2.6

Action                     |  1- 3 |  4- 6 |  7- 9 || total
---------------------------+-------+-------+-------++-------
  Melee: Unarmed           |   171 |    74 |       ||   245
         Tailslap          |    18 |    33 |    23 ||    74
         Punch             |     1 |     4 |     4 ||     9
         Trident           |       |     9 |       ||     9
         Short sword       |       |   155 |   157 ||   312
         Dagger            |       |     4 |     6 ||    10
  Throw: Stone             |     2 |     3 |    12 ||    17
         Javelin           |     1 |     1 |       ||     2
         Throwing net      |       |     3 |     1 ||     4
         Dart              |       |       |     4 ||     4
   Cast: Foxfire           |       |       |    47 ||    47
    Use: Potion            |     2 |     6 |     3 ||    11
         Scroll            |       |     5 |     5 ||    10
   Stab: Held in net/web   |       |     3 |     1 ||     4
         Paralysed         |       |       |    26 ||    26
         Distracted        |       |       |     1 ||     1
         Sleeping          |       |       |     1 ||     1
 Armour: Leather armour    |    31 |       |       ||    31
         Ring mail         |    73 |   113 |       ||   186
         Robe              |       |    15 |   133 ||   148
         Scale mail        |       |     1 |       ||     1
         Steam dragon scal |       |       |     5 ||     5
  Dodge: Dodged            |    84 |   133 |   128 ||   345
         Repelled          |       |     1 |     3 ||     4

Table legend: (Time is in decaauts)
 A = Elapsed time spent in this place.
 B = Non-inter-level travel time spent in this place.
 C = Inter-level travel time spent in this place.
 D = Time resting spent in this place.
 E = Time spent auto-exploring this place.
 F = Levels seen in this place.
 G = Mean time per level.
                   A        B        C        D        E       F      G
               +--------+--------+--------+--------+--------+-----+--------+
         Total |   6439 |   5602 |    837 |   1049 |   2754 |   7 |  919.9 |
       Dungeon |   6438 |   5601 |    837 |   1049 |   2754 |   6 | 1073.0 |
        Temple |      1 |      1 |      0 |      0 |      0 |   1 |    1.0 |
               +--------+--------+--------+--------+--------+-----+--------+

Top non-repeatable levels by time:
     D:3: 1594 daAuts
     D:4: 1357 daAuts
     D:5: 1133 daAuts
     D:2: 1046 daAuts
     D:1: 960 daAuts
     D:6: 346 daAuts
  Temple: 1 daAuts
